 Dungeon Crawl Stone Soup version 0.30-a0-469-g84de5afbc5 (webtiles) character file.

Game seed: 15843436256450292234

1869 ragingrage the Carver (level 9, -4/60 HPs)
             Began as a Djinni Berserker on Dec 19, 2022.
             Was an Elder of Trog.
             Slain by an ice beast (9 damage)
             ... on level 6 of the Dungeon.
             The game lasted 00:06:57 (6033 turns).

ragingrage the Carver (Djinni Berserker)            Turns: 6033, Time: 00:06:57

Health: -4/60      AC:  6    Str: 16    XL:     9   Next: 35%
Gold:   648        EV: 12    Int: 17    God:    Trog [****..] SH:  0 Dex: 16

rFire   + + .      SeeInvis +    b - +5 short sword (venom)
rCold   x . .      Faith    .    (no shield)
rNeg    . . .      Spirit   .    t - +3 leather armour "Zenufywk" {Int+7}
rPois   ∞          Reflect  .    (no helmet)
rElec   .          Harm     .    (no cloak)
rCorr   .          Rampage  .    (no gloves)
Will    .....                    (boots unavailable)
Stlth   ++........               (no amulet)
HPRegen 0.30/turn                v - ring of see invisible
MPRegen 0.00/turn                (no ring)

@: flying
A: sickness immunity, fire resistance 2, cold vulnerability 1, float, innate
caster, HP casting, extra vitality 1
a: Renounce Religion, Berserk, Trog's Hand, Brothers in Arms


You were on level 6 of the Dungeon.
You worshipped Trog.
Trog was greatly pleased with you.
You visited 1 branch of the dungeon, and saw 6 of its levels.
You also visited: Ossuary.

You collected 648 gold pieces.

Inventory:

Hand Weapons
 a - the +3 hand axe "Trog's Outrage" {freeze, rElec rF+ Int+3}
   (You found it on level 2 of the Dungeon)

   It freezes those it strikes, dealing additional cold damage.
   It can also slow down cold-blooded creatures.
   Int:       It affects your intelligence (+3).
   rF:        It protects you from fire.
   rElec:     It insulates you from electricity.
 b - a +5 short sword of venom (weapon)
 h - a +1 falchion
Missiles
 l - 2 javelins
 m - 10 boomerangs (quivered)
 p - a throwing net
 u - 8 poisoned darts
Armour
 t - the +3 leather armour "Zenufywk" (worn) {Int+7}
   (You found it on level 4 of the Dungeon)

   Int:       It affects your intelligence (+7).
Jewellery
 v - a ring of see invisible (left hand)
Wands
 n - a wand of flame (30)
 q - a wand of polymorph (4)
Scrolls
 d - a scroll of poison
 e - 3 scrolls of immolation
 f - 3 scrolls of teleportation
 j - a scroll of amnesia {unknown}
 k - 2 scrolls of fear
 r - 4 scrolls of identify
 s - 3 scrolls of fog
 w - a scroll of noise {unknown}
 y - a scroll of enchant weapon
 E - a scroll of torment {unknown}
Potions
 c - a potion of might {unknown}
 g - 7 potions of curing
 i - 2 potions of degeneration
 o - 6 potions of heal wounds
 x - 2 potions of berserk rage
 z - a potion of haste {unknown}
 A - a potion of cancellation {unknown}
 B - a potion of mutation {unknown}
 C - 4 potions of attraction
 D - a potion of lignification {unknown}


   Skills:
 - Level 3.0 Fighting
 + Level 9.5 Long Blades
 - Level 2.0 Armour
 - Level 2.1 Dodging
 + Level 3.5 Stealth
 + Level 3.9 Evocations


You couldn't memorise any spells.
You knew the following spells:

 Your Spells              Type           Power      Damage    Failure   Level
a - Freeze                Ice            0%         1d3       28%         1
b - Wereblood             Tmut           0%         N/A       41%         2
c - Portal Projectile     Hex/Tloc       0%         N/A       65%         3
d - Passage of Golubria   Tloc           0%         N/A       96%         4
Your spell library was empty.

Dungeon Overview and Level Annotations

Branches:
Dungeon (6/15)            Ossuary (visited)
 Temple: D:4-7

Altars:
Cheibriados
Trog

Annotations:
D:1 exclusion: downstairs
D:2 Natasha
D:3 1 transporter, VibeKiller's ghost, amateur SpEn
D:5 2 runed translucent doors, yumyumyeen's ghost, novice GnMo
D:6 4 runed translucent doors, exclusion: door


Innate Abilities, Weirdness & Mutations

You are immune to sickness and miasma.
You are immune to poison.
Your flesh is very heat resistant. (rF++)
You are vulnerable to cold. (rC-)
You float through the air rather than walking.
You learn spells naturally, not from books.
Your magical power is your life essence.
You have superior vitality. (+4 MHP)


Message History

The ice beast is heavily wounded.
The ice beast hits you but does no damage.
You hit the ice beast but do no damage.
The ice beast is heavily wounded.
The ice beast hits you but does no damage.
You barely miss the ice beast.
The ice beast is heavily wounded.
The ice beast closely misses you.
You closely miss the ice beast.
The ice beast is heavily wounded.
You hit the ice beast.
The ice beast is severely wounded.
The ice beast hits you. The ice beast freezes you!
You feel a terrible chill!
You closely miss the ice beast.
The ice beast is severely wounded.
The ice beast hits you but does no damage.
You closely miss the ice beast.
The ice beast is severely wounded.
You are too injured to fight recklessly!
You hit the ice beast.
The ice beast is severely wounded.
The ice beast barely misses you.
You closely miss the ice beast.
The ice beast is severely wounded.
The ice beast hits you but does no damage.
You hit the ice beast.
The ice beast is severely wounded.
The ice beast hits you. The ice beast freezes you!!
You feel a terrible chill!
You hit the ice beast but do no damage.
The ice beast is severely wounded.
You hit the ice beast.
The ice beast is almost dead.
The ice beast hits you. The ice beast freezes you!
You feel a terrible chill!
* * * LOW HITPOINT WARNING * * *
You hit the ice beast.
The ice beast is almost dead.
The ice beast hits you.
* * * LOW HITPOINT WARNING * * *
The ice beast freezes you!
You feel a terrible chill!
You die...

#######8..8##..#
#8....8#..#
#:....)#..#
#/....:#..#
#8....8#..##
#####8!.8##...#
##.'.##++##..#.#
#.##.........#.#
##@#.###.###.#.#
#...Y##.###.......#
######..##..#######
...........##
############


You could see an ice beast.

Vanquished Creatures
  Grinder (D:3)
  Sigmund (D:3)
  A sky beast (D:6)
  4 ogres
  A phantom (D:5)
  A kobold brigand (D:4)
  3 scorpions
  3 hounds
  An orc priest (D:6)
  3 jellies
  Jessica (D:3)
  Terence (D:2)
  An iguana (D:6)
  3 orc wizards
  9 mummies
  4 gnolls (D:4)
  11 adders
  2 shadow imps (D:5)
  An ufetubus (D:5)
  6 worms
  6 dart slugs
  17 orcs
  3 bats
  8 endoplasms
  A giant cockroach (D:2)
  6 gnoll zombies (Ossuary)
  7 goblins
  4 hobgoblins
  3 jackals (D:4)
  7 kobolds
  3 quokkas
  10 ball pythons
  2 frilled lizards (D:3)
  A hobgoblin zombie (Ossuary)
  An orc zombie (Ossuary)
  5 rats
142 creatures vanquished.

Notes
Turn   | Place    | Note
-------+----------+-------------------------------------------
     0 | D:1      | ragingrage the Djinni Berserker began the quest for the
                  | Orb.
     0 | D:1      | Reached XP level 1. HP: 20/20 MP: 0/0
   146 | D:1      | Reached skill level 3 in Long Blades
   169 | D:1      | Reached XP level 2. HP: 24/25 MP: 0/0
   176 | D:1      | Found a faded altar of an unknown god.
   470 | D:1      | Reached XP level 3. HP: 30/30 MP: 0/0
   470 | D:1      | Learned a level 1 spell: Freeze
   737 | D:2      | Noticed Natasha
  1001 | D:2      | Identified the +3 hand axe "Trog's Outrage" {freeze, rElec
                  | rF+ Int+3}
  1035 | D:2      | Noticed Terence
  1050 | D:2      | Killed Terence
  1051 | D:2      | Reached skill level 4 in Long Blades
  1051 | D:2      | Reached XP level 4. HP: 7/35 MP: 0/0
  1278 | D:2      | Reached ** piety under Trog
  1475 | D:2      | Identified the +1 mace of Ses Wuze {speed, rPois rC+ Str-4
                  | Dex+6}
  1806 | D:2      | You are sucked into a shaft and drop 2 floors!
  1900 | D:4      | Reached XP level 5. HP: 40/40 MP: 0/0
  1900 | D:4      | Learned a level 2 spell: Wereblood
  1958 | D:3      | Noticed Jessica
  1967 | D:3      | Killed Jessica
  1968 | D:3      | Reached skill level 5 in Long Blades
  2111 | D:3      | Noticed VibeKiller's ghost (amateur SpEn)
  2114 | D:3      | Found a transporter.
  2192 | D:3      | Noticed Sigmund
  2198 | D:3      | Noticed Grinder
  2199 | D:3      | Killed Sigmund
  2200 | D:3      | Reached skill level 6 in Long Blades
  2200 | D:3      | Reached XP level 6. HP: 46/46 MP: 0/0
  2216 | D:3      | Paralysed by Grinder for 4 turns
  2228 | D:3      | Killed Grinder
  2229 | D:3      | Reached skill level 7 in Long Blades
  2229 | D:3      | Reached XP level 7. HP: 47/50 MP: 0/0
  2229 | D:3      | Learned a level 3 spell: Portal Projectile
  2730 | D:4      | Identified the +3 leather armour "Zenufywk" {Int+7}
  2848 | D:4      | Reached *** piety under Trog
  3034 | D:4      | Reached skill level 8 in Long Blades
  3034 | D:4      | Reached XP level 8. HP: 52/56 MP: 0/0
  3525 | D:5      | Entered Level 5 of the Dungeon
  3543 | D:5      | Found a runed translucent door.
  3677 | D:5      | Found a snail-covered altar of Cheibriados.
  3677 | D:5      | Found a bloodstained altar of Trog.
  3985 | D:5      | Found a runed translucent door.
  3999 | D:5      | Reached skill level 1 in Stealth
  3999 | D:5      | Reached skill level 1 in Evocations
  4073 | D:5      | Noticed yumyumyeen's ghost (novice GnMo)
  4390 | D:5      | Reached skill level 9 in Long Blades
  5023 | D:6      | Reached XP level 9. HP: 55/60 MP: 0/0
  5023 | D:6      | Learned a level 4 spell: Passage of Golubria
  5205 | D:6      | Found a sand-covered staircase.
  5211 | D:6      | Reached **** piety under Trog
  5233 | Ossuary  | Entered an ossuary
  5777 | D:6      | Found a large runed translucent door.
  5777 | D:6      | Found a large runed translucent door.
  5981 | D:6      | Found a large runed translucent door.
  5981 | D:6      | Found a large runed translucent door.
  6033 | D:6      | Slain by an ice beast

Illustrated notes

Levels and vault maps discovered:
D:1:      ncdulo_wetmaze, layout_basic, shapermc_ecumenical_altar_pompeii
D:2:      layout_basic, uniq_terence, uniq_natasha
D:3:      layout_loops_ring, gammafunk_ghost_mausoleum,
          hangedman_abyss_or_decor_lesser_grid, uniq_sigmund, uniq_jessica,
          uniq_grinder
D:4:      layout_cave_pods, minmay_misc_feat_four_crosses, supply_closet_lemuel
D:5:      layout_basic, gammafunk_temple_overflow_claw, ebering_ghost_sewer_f,
          minmay_starry_boxes
D:6:      layout_basic, gup_ossuary_entry_pyramid,
          hangedman_abyss_or_decor_stabs, minmay_hollow_rounded_squares

Skill      XL: |  1  2  3  4  5  6  7  8  9 |
---------------+----------------------------+-----
Long Blades    | 3 4 6 7 8 9 |  9.5
Stealth        | 2 3 |  3.5
Evocations     | 2 3 |  3.9
Fighting       | |  3.0
Armour         | |  2.0
Dodging        | |  2.1

Action                   |  1- 3 |  4- 6 |  7- 9 || total
-------------------------+-------+-------+-------++-------
Melee: Falchion          |    38 |       |     9 ||    47
       Whip              |    30 |       |       ||    30
       Hand axe          |    13 |     1 |     9 ||    23
       Punch             |     1 |       |     5 ||     6
       Short sword       |       |    89 |   300 ||   389
       Unarmed           |       |     6 |       ||     6
Throw: Javelin           |       |       |     1 ||     1
Invok: Berserk           |     1 |     1 |     4 ||     6
Evoke: Wand              |       |       |     3 ||     3
  Use: Scroll            |     1 |       |     9 ||    10
       Potion            |       |       |     1 ||     1
 Stab: Sleeping          |     1 |     2 |     1 ||     4
Armor: Animal skin       |    13 |     6 |       ||    19
       Ring mail         |       |    10 |     4 ||    14
       Leather armour    |       |       |    54 ||    54
Dodge: Dodged            |    66 |    43 |   131 ||   240

Table legend: (Time is in decaauts)
 A = Elapsed time spent in this place.
 B = Non-inter-level travel time spent in this place.
 C = Inter-level travel time spent in this place.
 D = Time resting spent in this place.
 E = Time spent auto-exploring this place.
 F = Levels seen in this place.
 G = Mean time per level.
                   A        B        C        D        E       F      G
               +--------+--------+--------+--------+--------+-----+--------+
         Total |   6005 |   5786 |    219 |   1338 |   3223 |   7 |  857.9 |
       Dungeon |   5547 |   5328 |    219 |   1169 |   3028 |   6 |  924.5 |
       Ossuary |    458 |    458 |      0 |    168 |    195 |   1 |  458.0 |
               +--------+--------+--------+--------+--------+-----+--------+

Top non-repeatable levels by time:
     D:5: 1313 daAuts
     D:4: 1066 daAuts
     D:1: 991 daAuts
     D:2: 829 daAuts
     D:3: 763 daAuts
     D:6: 583 daAuts
 Ossuary: 458 daAuts
